[Event "IIFL Wealth 4th Mumbai Open"]
[Site "Mumbai"]
[Date "2019.01.03"]
[Round "5"]
[White "Aditya, Ramanathan"]
[Black "Dave, Sneh"]
[Result "1-0"]
[ECO "C54"]
[WhiteElo "1493"]
[BlackElo "1851"]
[Annotator "NA"]
[PlyCount "69"]
[EventDate "2018.12.30"]
[EventType "swiss"]
[EventCountry "IND"]
[SourceTitle "playchess.com"]
[Source "ChessBase"]
[SourceQuality "1"]
[TimeControl "40/5400+30:1800+30"]

1. e4 e5 2. Nf3 Nc6 3. d4 exd4 4. Bc4 Bc5 5. c3 Nf6 6. e5 d5 7. Bb5 Ne4 8. cxd4 Bb6 9. O-O O-O 10. Bxc6 bxc6 11. Be3 Bg4 12. h3 Bh5 13. Nc3 f6 14. g4 Bg6 15. exf6 Qxf6 16. Nxe4 Bxe4 17. Ne5 Qh4 18. Kh2 Rae8 19. f4 Qh6 20. Qd2 g5 21. fxg5 Qd6 22. Bf4 Qe6 23. Rac1 Qc8 24. g6 hxg6 25. Bh6 Rxf1 26. Rxf1 Bc5 27. dxc5 Rxe5 28. Rf8+ Qxf8 29. Bxf8 Re8 30. Bh6 Kh7 31. Qf4 Re7 32. Qf8 Rd7 33. Qe8 Kxh6 34. Qxd7 Kg5 35. Qf7 1-0

[Event "IIFL Wealth 4th Mumbai Open"]
[Site "Mumbai"]
[Date "2019.01.03"]
[Round "5"]
[White "Gupta, R K"]
[Black "Joglekar, Abhijit"]
[Result "0-1"]
[ECO "C53"]
[WhiteElo "1480"]
[BlackElo "1692"]
[Annotator "NA"]
[PlyCount "132"]
[EventDate "2018.12.30"]
[EventType "swiss"]
[EventCountry "IND"]
[SourceTitle "playchess.com"]
[Source "ChessBase"]
[SourceQuality "1"]
[TimeControl "40/5400+30:1800+30"]

1. e4 e5 2. Nf3 Nc6 3. Bc4 Bc5 4. c3 d6 5. O-O Nf6 6. d4 exd4 7. cxd4 Bb6 8. Bg5 O-O 9. Nc3 Bg4 10. Nd5 Bxd4 11. h3 Bxf3 12. Qxf3 h6 13. Bxf6 Bxf6 14. Nxf6+ Qxf6 15. Qxf6 gxf6 16. f4 Nb4 17. a3 Nc6 18. Bd5 Nd8 19. Rad1 Rb8 20. f5 Re8 21. Rf4 Kh7 22. Rg4 Rg8 23. Kf2 Rxg4 24. hxg4 Kg7 25. Kf3 Nc6 26. Bxc6 bxc6 27. Rd2 c5 28. g3 a5 29. Kf4 Rb3 30. Rc2 a4 31. Rd2 Kf8 32. Rh2 Kg7 33. Rd2 Kh7 34. Rc2 Rd3 35. Re2 Rd4 36. Kf3 Rd3+ 37. Kf4 Rb3 38. Rd2 Kg7 39. Rc2 Kf8 40. Rh2 Ke7 41. Rxh6 Rxb2 42. g5 fxg5+ 43. Kxg5 Rb3 44. g4 Rxa3 45. f6+ Ke6 46. Rh8 Rf3 47. Re8+ Kd7 48. Re7+ Kc6 49. Rxf7 a3 50. Rh7 a2 51. Rh1 Kd7 52. Kg6 Ke6 53. g5 c4 54. Rh7 Ke5 55. Rh1 c3 56. Kg7 Ke6 57. Rh6 a1=Q 58. f7+ Kd7 59. Rf6 Rxf6 60. gxf6 Qa8 61. f8=Q Qxf8+ 62. Kxf8 c2 63. f7 c1=Q 64. Kg8 Qf4 65. f8=Q Qxf8+ 66. Kxf8 Ke6 0-1

[Event "IIFL Wealth 4th Mumbai Open"]
[Site "Mumbai"]
[Date "2019.01.03"]
[Round "5"]
[White "Yuti, Mayur Patel"]
[Black "Dhanashree, Pandit"]
[Result "0-1"]
[ECO "C11"]
[WhiteElo "1476"]
[BlackElo "1676"]
[Annotator "NA"]
[PlyCount "62"]
[EventDate "2018.12.30"]
[EventType "swiss"]
[EventCountry "IND"]
[SourceTitle "playchess.com"]
[Source "ChessBase"]
[SourceQuality "1"]
[TimeControl "40/5400+30:1800+30"]

1. e4 e6 2. d4 d5 3. Nc3 Nf6 4. e5 Nfd7 5. f4 c5 6. Nf3 Nc6 7. Be3 cxd4 8. Nxd4 a6 9. Qd2 Nxd4 10. Bxd4 Qc7 11. Be2 b5 12. Bf3 Bb7 13. O-O-O b4 14. Ne2 Nc5 15. Kb1 a5 16. g4 Nd7 17. Rhe1 Bc5 18. Ng3 Rc8 19. Bxc5 Nxc5 20. Nh5 O-O 21. f5 Ne4 22. Bxe4 dxe4 23. f6 Rfd8 24. Qf2 Rxd1+ 25. Rxd1 e3 26. Qe2 Bf3 27. Qd3 Bxd1 28. Qxd1 Rd8 29. Qf3 Qd7 30. Qxe3 Qd1+ 31. Qc1 Qxg4 0-1

[Event "IIFL Wealth 4th Mumbai Open"]
[Site "Mumbai"]
[Date "2019.01.03"]
[Round "5"]
[White "Abhinav Dubey"]
[Black "Devesh, Anand Naik"]
[Result "0-1"]
[ECO "B40"]
[WhiteElo "1425"]
[BlackElo "1763"]
[Annotator "NA"]
[PlyCount "120"]
[EventDate "2018.12.30"]
[EventType "swiss"]
[EventCountry "IND"]
[SourceTitle "playchess.com"]
[Source "ChessBase"]
[SourceQuality "1"]
[TimeControl "40/5400+30:1800+30"]

1. e4 c5 2. Nf3 e6 3. d3 Nc6 4. Nbd2 g6 5. g3 Bg7 6. Bg2 Nf6 7. O-O O-O 8. c3 d5 9. e5 Nd7 10. d4 b5 11. Re1 a5 12. Nf1 b4 13. Bg5 Qb6 14. Qd2 Ba6 15. Bh6 Rfb8 16. Qf4 Bxh6 17. Qxh6 cxd4 18. cxd4 Bxf1 19. Rxf1 Nxd4 20. Ng5 Nf8 21. g4 Nc6 22. Rae1 Qd4 23. Re3 Nxe5 24. h3 Nc4 25. Re2 Qf4 26. Qh4 Ne5 27. Rc2 f6 28. Nxe6 Nxe6 29. Bxd5 Nf3+ 30. Bxf3 Qxf3 31. Qg3 Nd4 32. Qxf3 Nxf3+ 33. Kg2 Nd4 34. Rc7 Nb5 35. Re7 Ra7 36. Rfe1 Rbb7 37. Re8+ Kg7 38. Rd8 Re7 39. Rc1 Rac7 40. Rcd1 Na7 41. R8d5 Nc6 42. Rc1 Ne5 43. Rxc7 Rxc7 44. Rxa5 Rc2 45. b3 Nd3 46. Ra7+ Kh6 47. Kf3 Nc1 48. Ra6 Rxa2 49. Rxf6 Nxb3 50. Rf7 g5 51. Rb7 Nd2+ 52. Ke3 b3 53. Rb6+ Kg7 54. Rb7+ Kf6 55. f4 b2 56. fxg5+ Kxg5 57. Rb5+ Kf6 58. Rb6+ Ke5 59. Rb5+ Kd6 60. Kxd2 b1=Q+ 0-1

[Event "IIFL Wealth 4th Mumbai Open"]
[Site "Mumbai"]
[Date "2019.01.03"]
[Round "5"]
[White "Amrit, Raunak"]
[Black "Saketh, Pedagandham"]
[Result "1-0"]
[ECO "B22"]
[WhiteElo "1410"]
[BlackElo "1693"]
[Annotator "NA"]
[PlyCount "29"]
[EventDate "2018.12.30"]
[EventType "swiss"]
[EventCountry "IND"]
[SourceTitle "playchess.com"]
[Source "ChessBase"]
[SourceQuality "1"]
[TimeControl "40/5400+30:1800+30"]

1. e4 c5 2. c3 d6 3. d4 Nf6 4. Bd3 Nc6 5. Nf3 Bg4 6. Be3 c4 7. Bxc4 Nxe4 8. Qb3 e6 9. Qxb7 Rc8 10. d5 Be7 11. dxc6 d5 12. Qd7+ Qxd7 13. cxd7+ Kxd7 14. Bb5+ Kc7 15. Be2 1-0

[Event "IIFL Wealth 4th Mumbai Open"]
[Site "Mumbai"]
[Date "2019.01.03"]
[Round "5"]
[White "Ananya, Arumbakkam"]
[Black "Pawar, Harshit"]
[Result "0-1"]
[ECO "B01"]
[WhiteElo "1405"]
[BlackElo "1719"]
[Annotator "NA"]
[PlyCount "110"]
[EventDate "2018.12.30"]
[EventType "swiss"]
[EventCountry "IND"]
[SourceTitle "playchess.com"]
[Source "ChessBase"]
[SourceQuality "1"]
[TimeControl "40/5400+30:1800+30"]

1. e4 d5 2. exd5 Nf6 3. Bb5+ Bd7 4. Be2 Nxd5 5. d4 e6 6. Nf3 Bc6 7. O-O Nd7 8. a3 b6 9. c4 N5f6 10. Nc3 Bb7 11. Bf4 Bd6 12. Qd2 Nf8 13. Nb5 Ng6 14. Bxd6 cxd6 15. Qb4 Ne4 16. Bd3 a5 17. Qe1 Nf6 18. d5 e5 19. Nfd4 Ne7 20. Nf5 Nxf5 21. Bxf5 O-O 22. b4 Ba6 23. a4 Bxb5 24. axb5 Qc7 25. Bd3 e4 26. Be2 axb4 27. Qxb4 Nd7 28. Ra3 Ra5 29. Rfa1 Rfa8 30. Rxa5 bxa5 31. Qb1 f5 32. g4 Qb6 33. Kg2 Nc5 34. Ra3 fxg4 35. Bxg4 Rf8 36. f3 Nd3 37. Qg1 Qd8 38. fxe4 Qg5 39. Rxd3 Qxg4+ 40. Rg3 Qxe4+ 41. Kh3 Qf5+ 42. Kg2 h5 43. h4 Kh8 44. Qe1 Qc2+ 45. Kh3 Qxc4 46. Rxg7 Qc8+ 47. Kh2 Kxg7 48. Qe7+ Rf7 49. Qg5+ Kf8 50. Qh6+ Ke7 51. Qg5+ Kd7 52. Qxh5 Qc2+ 53. Kh3 Qd3+ 54. Kg2 Rg7+ 55. Kh1 Qh3# 0-1

[Event "IIFL Wealth 4th Mumbai Open"]
[Site "Mumbai"]
[Date "2019.01.03"]
[Round "5"]
[White "Vaval Aaditi"]
[Black "Kohad Dipesh"]
[Result "1/2-1/2"]
[ECO "C02"]
[WhiteElo "1367"]
[BlackElo "1683"]
[Annotator "NA"]
[PlyCount "62"]
[EventDate "2018.12.30"]
[EventType "swiss"]
[EventCountry "IND"]
[SourceTitle "playchess.com"]
[Source "ChessBase"]
[SourceQuality "1"]
[TimeControl "40/5400+30:1800+30"]

1. e4 e6 2. d4 d5 3. e5 c5 4. c3 Nc6 5. Nf3 Qb6 6. a3 c4 7. Be2 Bd7 8. O-O Na5 9. Nbd2 Ne7 10. Rb1 Rc8 11. Ne1 Nb3 12. Nxb3 Ba4 13. Qd2 Bxb3 14. Nc2 Nc6 15. Ne3 Na5 16. Qe1 h5 17. f4 g6 18. Bd1 Bxd1 19. Qxd1 Nb3 20. Nc2 a5 21. Na1 Nxa1 22. Rxa1 Qc6 23. Bd2 a4 24. Be1 Be7 25. h4 b5 26. g3 Bd8 27. Bf2 Be7 28. Be1 Bd8 29. Bf2 Be7 30. Be1 Bd8 31. Bf2 Be7 1/2-1/2